 Dungeon Crawl Stone Soup version 0.30-a0-1008-g30c9307041 (webtiles) character file.

Game seed: 16376403403745799262

9 qeuew the Trooper (level 2, 19/24 HPs)
             Began as a Demonspawn Chaos Knight on Apr 5, 2023.
             Was a Plaything of Xom.
             Quit the game on level 1 of the Dungeon.
             The game lasted 00:00:19 (78 turns).

qeuew the Trooper (Demonspawn Chaos Knight)           Turns: 78, Time: 00:00:20

Health: 19/24      AC:  5    Str: 12    XL:     2   Next: 6%
Magic:  2/2        EV: 11    Int: 13    God:    Xom [..*...]
Gold:   0          SH:  0    Dex: 12    Spells: 1/1 levels left

rFire   . . .      SeeInvis .    a - +0 mace (chaos)
rCold   . . .      Faith    .    (no shield)
rNeg    . . .      Spirit   .    b - +2 leather armour
rPois   .          Reflect  .    (no helmet)
rElec   .          Rampage  .    (no cloak)
rCorr   .                        (no gloves)
Will    .....                    (no boots)
Stlth   +                        (no amulet)
HPRegen 0.24/turn                (no ring)
MPRegen 0.16/turn                (no ring)

@: no status effects
A: magic regeneration
a: Renounce Religion


You were on level 1 of the Dungeon.
You worshipped Xom.
You were a toy of Xom.
You visited 1 branch of the dungeon, and saw 1 of its levels.

Inventory:

Hand Weapons
 a - a +0 mace of chaos (weapon)
Armour
 b - a +2 leather armour (worn)
Miscellaneous
 c - a piece from Xom's chessboard (15/15) (quivered)


   Skills:
 + Level 3.1 Fighting
 + Level 2.8 Maces & Flails
 + Level 1.9 Armour
 + Level 1.1 Dodging
 + Level 0.5 Evocations


You had one spell level left.
You didn't know any spells.
Your spell library was empty.

Dungeon Overview and Level Annotations

Branches:
Dungeon (1/15)

Altars:


Innate Abilities, Weirdness & Mutations

You regenerate magic rapidly.


Message History

No target in view!
No target in view!
No target in view!
No target in view!
No target in view!
No target in view!
No target in view!
A bat comes into view.
A bat is nearby!
A bat is nearby!
Things that are here:
a scroll labelled PERGHICEODU; a hobgoblin corpse A bat is nearby!
You barely miss the bat. The bat hits you but does no damage.
The bat misses you. The bat closely misses you.
You closely miss the bat. The bat hits you. The bat misses you.
The bat hits you but does no damage.
You closely miss the bat. The bat barely misses you. The bat hits you.
You hit the bat. You freeze the bat.
You kill the bat!
A goblin comes into view. It is wielding a +0 club.
You have reached level 2!
Your demonic ancestry asserts itself...
Your magic begins to regenerate rapidly.
The goblin shouts!
You see here a +0 robe.
You barely miss the goblin. The goblin barely misses you.
You miss the goblin. The goblin hits you with a +0 club.
You completely miss the goblin. The goblin closely misses you.
You miss the goblin. The goblin hits you with a +0 club. x2
You hit the goblin.
You kill the goblin!
No target in view!
A quokka comes into view.
A quokka is nearby!
Xom smirks.
You detect nothing.
Unknown command.
Are you sure you want to abandon this character and quit the game? (Confirm with "yes".)

.# .# ..#..# ..#..# #.
...... #.#######......
................
......r...#.... # #.
...#@)...... ###
#.###.#.####... ..###
#.#...#..[......#
....####.........#######
......####.#...........
##......######...##....
####.......'.#?### ... #
###.....'...# .
####.......'.###


You could see a quokka.

Vanquished Creatures
  A goblin (D:1)
  A hobgoblin (D:1)
  4 jackals (D:1)
  A bat (D:1)
  A frilled lizard (D:1)
8 creatures vanquished.

Notes
Turn   | Place    | Note
-------+----------+-------------------------------------------
     0 | D:1      | qeuew the Demonspawn Chaos Knight began the quest for the
                  | Orb.
     0 | D:1      | Reached XP level 1. HP: 18/18 MP: 1/1
    39 | D:1      | Reached skill level 1 in Dodging
    64 | D:1      | Gained mutation: You regenerate magic rapidly. [demonic
                  | ancestry]
    64 | D:1      | Reached XP level 2. HP: 19/24 MP: 2/2
    77 | D:1      | XOM: divination: detect creatures
    78 | D:1      | Quit the game

Illustrated notes

Levels and vault maps discovered:
D:1:      lemuel_arrival_funnel, layout_basic,
          shapermc_ecumenical_altar_mp_highgroup, minmay_hedge_maze

Skill      XL: |  1 |
---------------+----+-----
Dodging        | 1 |  1.1
Fighting       | |  3.1
Maces & Flails | |  2.8
Armour         | |  1.9
Evocations     | |  0.5

Action                     || total
---------------------------++-------
  Melee: Mace              ||    24
 Armour: Leather armour    ||    17
  Dodge: Dodged            ||    23

Table legend: (Time is in decaauts)
 A = Elapsed time spent in this place.
 B = Non-inter-level travel time spent in this place.
 C = Inter-level travel time spent in this place.
 D = Time resting spent in this place.
 E = Time spent auto-exploring this place.
 F = Levels seen in this place.
 G = Mean time per level.
                   A        B        C        D        E       F      G
               +--------+--------+--------+--------+--------+-----+--------+
         Total |     84 |     78 |      6 |      0 |     37 |   1 |   84.0 |
       Dungeon |     84 |     78 |      6 |      0 |     37 |   1 |   84.0 |
               +--------+--------+--------+--------+--------+-----+--------+

Top non-repeatable levels by time:
     D:1: 84 daAuts
